AoeStats
← 布丁

Black Forest

505895187Analyzed
4v4 RM · 20d ago on Sep 11, 2026· 109m 36s· 8 players
Game mode
Random Map
Map size
Large (8 player)
Population
200
Speed
Normal
Resources
Standard
Victory
Conquest
Starting age
Dark Age
Ending age
Imperial Age
RankedLock teamsTeams togetherTeam positionsShared explorationLock speedFull tech treeHidden civsTurbo modeCheats
Victory
Defeat
🇨🇳 Goths · China
779
+17
🇮🇳 Franks · India
761
+18
🇹🇼 Malay · Taiwan
756
+18
🇲🇴 Persians · Macao SAR China
740
+19
🇹🇼 Goths · Taiwan
826
-27
🇺🇸 Bohemians · United States
818
-19
🇦🇷 Burgundians · Argentina
793
-44
🇪🇸 Britons · Spain
755
-16
小宝贝
0:30 Loom
20:25 Feudal Age
23:10 Fletching
27:10 Castle Age
27:01 Double-Bit Axe
28:00 Bodkin Arrow
28:17 Forging
28:07 Scale Mail Armor
28:33 Horse Collar
33:08 Wheelbarrow
33:54 Anarchy
35:41 Gold Mining
36:07 Squires
35:28 Pikeman
36:48 Chain Mail Armor
37:09 Iron Casting
38:43 Hand Cart
39:15 Heavy Plow
42:15 Imperial Age
40:40 Stone Mining
41:27 Bow Saw
42:15 Iron Casting
42:47 Masonry
42:34 Murder Holes
43:00 Ballistics
45:14 Halberdier
51:59 Conscription
53:00 Crop Rotation
53:12 Clinker Construction
53:16 Careening
59:37 Blast Furnace
61:13 Chemistry
60:50 Fishing Lines
65:35 Elite Skirmisher
66:25 Bracer
66:27 Padded Archer Armor
65:51 Elite Skirmisher
68:13 Architecture
68:02 Leather Archer Armor
NINEKAGE
14:00 Feudal Age
14:23 Double-Bit Axe
14:34 Horse Collar
17:23 Gold Mining
23:35 Castle Age
22:34 Fishing Lines
24:37 Wheelbarrow
24:49 Bow Saw
34:43 Imperial Age
31:54 Man-at-Arms
32:34 Squires
32:20 Arson
32:53 Forging
32:48 Scale Barding Armor
32:35 Fletching
32:18 Elite Skirmisher
34:10 Hand Cart
34:17 Town Watch
35:48 Heavy Plow
35:25 Long Swordsman
37:13 Town Patrol
38:51 Forced Levy
39:11 Conscription
39:19 Two-Handed Swordsman
40:38 Iron Casting
39:54 Fletching
40:04 Elite Karambit Warrior
48:33 Chemistry
47:53 Ballistics
50:01 Thumb Ring
50:59 Blast Furnace
49:54 Bodkin Arrow
50:02 Padded Archer Armor
51:11 Capped Ram
64:59 Cavalier
65:42 Husbandry
70:04 Bracer
70:20 Leather Archer Armor
72:36 Ring Archer Armor
97:40 Pikeman
101:55 Halberdier
Ngaiiii
11:53 Feudal Age
12:13 Double-Bit Axe
12:15 Horse Collar
18:33 Castle Age
16:47 Stone Mining
20:43 Bow Saw
20:38 Heavy Plow
25:18 Wheelbarrow
26:17 Caravan
27:06 Hand Cart
28:06 Gold Mining
31:19 Imperial Age
30:08 Coinage
30:45 Gold Shaft Mining
30:49 Stone Shaft Mining
31:36 Forging
31:32 Scale Barding Armor
30:59 Elite War Elephant
32:01 Conscription
33:08 Two-Man Saw
32:40 Crop Rotation
33:32 Banking
33:26 Guilds
33:44 Husbandry
33:55 Bloodlines
35:22 Chain Barding Armor
38:06 Iron Casting
38:09 Plate Barding Armor
41:10 Chemistry
42:03 Heavy Camel Rider
43:10 Ballistics
51:39 Kamandaran
52:05 Crossbowman
52:51 Thumb Ring
53:56 Blast Furnace
52:46 Fletching
52:58 Padded Archer Armor
55:50 Bodkin Arrow
56:10 Leather Archer Armor
59:35 Ring Archer Armor
Bhramos
8:02 Loom
11:00 Feudal Age
13:21 Double-Bit Axe
16:17 Scale Barding Armor
16:23 Forging
19:26 Gold Mining
22:10 Castle Age
23:19 Husbandry
24:04 Iron Casting
23:50 Chain Barding Armor
26:15 Sanctity
27:16 Wheelbarrow
26:43 Stone Mining
34:26 Imperial Age
36:38 Blast Furnace
36:14 Plate Barding Armor
35:07 Cavalier
37:58 Hand Cart
37:58 Bow Saw
38:37 Caravan
39:09 Coinage
39:25 Town Watch
40:00 Paladin
49:32 Chivalry
55:38 Arrowslits
57:37 Conscription
64:29 Onager
71:26 Town Patrol
78:14 Capped Ram
81:19 Siege Engineers
81:44 Ballistics
88:33 Chemistry
zuri_gos
0:35 Loom
12:57 Feudal Age
14:32 Wheelbarrow
20:56 Castle Age
22:31 Crossbowman
32:31 Murder Holes
32:30 Fletching
33:37 Bodkin Arrow
33:42 Padded Archer Armor
36:53 Hand Cart
42:08 Imperial Age
39:38 Double-Bit Axe
42:03 Leather Archer Armor
42:11 Ballistics
42:07 Forging
42:24 Gold Mining
42:25 Stone Mining
42:51 Bow Saw
42:22 Horse Collar
42:05 Pikeman
42:31 Gambesons
45:04 Arbalester
45:09 Halberdier
49:02 Chemistry
48:12 Careening
48:10 Siege Engineers
48:10 Bracer
48:40 Ring Archer Armor
48:46 Iron Casting
52:12 Arrowslits
52:29 Scale Mail Armor
53:06 Conscription
52:34 Elite Skirmisher
55:36 Squires
57:27 Gold Shaft Mining
57:45 Caravan
60:07 Warwolf
62:49 Yeomen
63:05 Hoardings
62:58 Chain Mail Armor
62:48 Scale Barding Armor
62:56 Masonry
62:31 Treadmill Crane
64:47 Town Watch
67:42 Town Patrol
68:45 Blast Furnace
68:15 Plate Mail Armor
68:05 Chain Barding Armor
67:38 Guard Tower
73:30 Onager
87:50 Keep
87:46 Architecture
87:53 Plate Barding Armor
87:17 Elite Longbowman
90:10 Cavalier
90:51 Husbandry
90:11 Light Cavalry
vladimir
3:14 Loom
11:52 Feudal Age
13:33 Wheelbarrow
12:50 Double-Bit Axe
17:19 Town Watch
18:24 Fishing Lines
22:38 Castle Age
20:54 Fletching
21:04 Padded Archer Armor
22:18 Horse Collar
22:50 Crossbowman
23:34 Gillnets
24:37 Bow Saw
25:18 Hand Cart
27:13 Town Patrol
30:29 Chemistry
29:10 Treadmill Crane
32:11 Pikeman
32:52 Squires
34:43 Caravan
37:33 Imperial Age
35:58 Heavy Plow
36:09 Wagenburg Tactics
38:34 Bodkin Arrow
38:54 Leather Archer Armor
38:54 Fortified Wall
38:41 Murder Holes
39:07 Ballistics
38:53 Siege Engineers
38:59 Masonry
38:41 Guard Tower
39:24 Conscription
40:44 Bracer
40:44 Scale Mail Armor
41:14 Ring Archer Armor
40:54 Forging
40:15 Halberdier
42:25 Houfnice
49:05 Iron Casting
48:45 Chain Mail Armor
50:50 Heavy Scorpion
55:33 Blast Furnace
55:03 Plate Mail Armor
62:50 Guilds
62:12 Capped Ram
64:42 Two-Man Saw
64:18 Bombard Tower
64:33 Keep
64:29 Architecture
63:45 Arrowslits
98:11 Elite Skirmisher
99:50 Elite Hussite Wagon
布丁
0:52 Loom
14:08 Feudal Age
16:17 Wheelbarrow
19:06 Castle Age
18:05 Double-Bit Axe
18:03 Horse Collar
22:12 Town Watch
22:52 Fletching
23:51 Hand Cart
26:23 Bow Saw
28:54 Gold Mining
28:55 Stone Mining
32:31 Imperial Age
30:55 Caravan
32:27 Pikeman
33:08 Squires
33:17 Perfusion
33:42 Halberdier
33:51 Halberdier
36:13 Scale Mail Armor
36:25 Forging
37:36 Chain Mail Armor
38:27 Chemistry
38:21 Iron Casting
37:42 Bodkin Arrow
41:02 Blast Furnace
41:03 Bracer
43:02 Padded Archer Armor
44:17 Stone Shaft Mining
45:09 Anarchy
44:29 Elite Huskarl
52:02 Two-Man Saw
58:51 Leather Archer Armor
58:42 Scale Barding Armor
68:46 Ring Archer Armor
67:40 Light Cavalry
68:31 Bloodlines
Nahue
1:49 Loom
10:46 Feudal Age
11:18 Double-Bit Axe
11:16 Horse Collar
18:59 Castle Age
19:58 Bow Saw
19:50 Heavy Plow
22:53 Stone Mining
23:20 Gold Mining
25:13 Wheelbarrow
27:45 Scale Barding Armor
27:51 Forging
32:54 Imperial Age
31:27 Hand Cart
32:42 Town Watch
33:25 Town Patrol
33:22 Fletching
33:33 Padded Archer Armor
33:00 Cavalier
33:41 Husbandry
35:01 Chemistry
34:21 Ballistics
34:28 Ballistics
34:13 Elite Skirmisher
34:36 Pikeman
35:48 Onager
37:43 Two-Man Saw
37:25 Crop Rotation
37:35 Conscription
37:40 Scale Mail Armor
38:16 Iron Casting
38:46 Chain Barding Armor
43:30 Elite Coustillier
44:17 Burgundian Vineyards
43:41 Halberdier
44:23 Squires
44:08 Arson
45:28 Blast Furnace
45:04 Plate Barding Armor
44:45 Leather Archer Armor
44:45 Chain Mail Armor
50:38 Paladin
59:22 Bodkin Arrow
59:58 Plate Mail Armor
Connection lost

Rejoining the realm…

Still unreachable

The connection could not be restored.

Session expired

The server has moved on; the page needs a fresh start.